 Dungeon Crawl Stone Soup version 0.28.0-45-g0d030f2227 (webtiles) character file.

Game seed: 1832187269372390484

431 Zeld the Magician (level 6, -5/44 (46) HPs)
             Began as a Demonspawn Transmuter on Apr 22, 2022.
             Slain by Edmund
             ... wielding a +3 flail of draining
              (13 damage)
             ... on level 4 of the Dungeon.
             The game lasted 00:03:37 (4342 turns).

Zeld the Magician (Demonspawn Transmuter)           Turns: 4342, Time: 00:03:38

HP:   -5/44 (46)    AC:  2    Str: 12    XL:     6   Next: 66%
MP:   8/11          EV: 20    Int: 14    God:
Gold: 51            SH:  0    Dex: 19    Spells: 2/12 levels left

rFire   . . .      SeeInvis .     - Unarmed
rCold   . . .      Faith    .   (shield currently unavailable)
rNeg    . . .      Spirit   .   (armour currently unavailable)
rPois   x          Reflect  .   (helmet currently unavailable)
rElec   .          Harm     .   (cloak currently unavailable)
rCorr   .          Rampage  .   (gloves currently unavailable)
Will    .....                   (boots currently unavailable)
Stlth   ++........              (no amulet)
HPRegen 0.14/turn               (no ring)
MPRegen 0.12/turn               (no ring)

@: spider-form, lightly drained
A: venomous fangs, tiny, (horns 1), (spiny 3)
a: End Transformation


You were on level 4 of the Dungeon.
You were a venomous arachnid creature.
You visited 1 branch of the dungeon, and saw 4 of its levels.

You collected 129 gold pieces.
You spent 78 gold pieces at shops.

Inventory:

Armour
 a - a +0 robe (melded)
 h - a +0 cloak (melded)
Scrolls
 b - 5 scrolls of identify
 e - a scroll of enchant weapon {unknown}
 f - a scroll of fog {unknown}
 i - 3 scrolls of blinking {unknown}
 j - a scroll of amnesia {unknown}
 k - a scroll of enchant armour {unknown}
Potions
 c - a potion of haste {unknown}
 d - a potion of attraction {unknown}
 g - a potion of degeneration {unknown}
 l - a potion of ambrosia {unknown}


   Skills:
 + Level 2.5 Fighting
 + Level 2.8 Dodging
 + Level 2.2 Stealth
 - Level 2.6 Unarmed Combat
 * Level 3.9 Spellcasting
 * Level 3.8 Transmutations


You had 2 spell levels left.
You knew the following spells:

 Your Spells              Type           Power      Damage    Failure   Level
a - Beastly Appendage     Tmut           26%        N/A       13%         1
b - Wereblood             Tmut           13%        N/A       17%         2
c - Spider Form           Tmut/Pois      8%         N/A       47%         3
d - Ice Form              Ice/Tmut       8%         N/A       83%         4

Your spell library contained the following spells:

 Spells                   Type           Power      Damage    Failure   Level
 Foxfire                  Conj/Fire      8%         2x1d4     41%         1
 Slow                     Hex            8%         N/A       41%         1
 Confusing Touch          Hex            2%         N/A       73%         3
 Conjure Flame            Conj/Fire      2%         6-21      73%         3
 Inner Flame              Hex/Fire       2%         N/A       73%         3
 Vampiric Draining        Necr           2%         2d6       73%         3
 Flame Wave               Conj/Fire      2%         2d4       97%         4


Dungeon Overview and Level Annotations

Branches:
Dungeon (4/15)
 Temple: D:4-7

Altars:

Shops:
D:2 ?

Annotations:
D:4 Edmund


Innate Abilities, Weirdness & Mutations

You are a venomous arachnid creature.
You have poisonous fangs.
You are tiny and dextrous.
Your spellcasting is less reliable in this form.
Your armour is entirely melded.
You are incapable of wielding weapons or throwing items.
((You have a pair of small horns on your head.))
((You are completely covered in sharp spines.))


Message History

There is an open door here.
You open the door.
There is an open door here.
You open the door.
There is an open door here.
You open the door.
There is an open door here.
You open the door.
There is an open door here.
Key pressed, stopping explore.
Edmund the Younger comes into view.
He is wielding a +3 flail of draining and carrying a wand of flame (9).
Edmund is nearby!
Edmund is nearby!
Edmund shouts!
Casting: Spider Form (quite dangerous; 26% risk of failure)
Confirm with . or Enter, or press ? or * to list all spells.
The spell is quite dangerous to miscast (26% risk of failure)!
Continue anyway?
You turn into a venomous arachnid creature.
Your +0 cloak melds into your body.
Your +0 robe melds into your body.
Edmund zaps a wand.
The puff of flame misses you.
Edmund zaps a wand.
The puff of flame misses you.
Edmund zaps a wand.
The puff of flame hits you!
Edmund hits you with a +3 flail of draining!
You feel drained.
You are too injured to fight recklessly!
You are too injured to fight recklessly!
You are too injured to fight recklessly!
You hit Edmund.
Edmund is poisoned.
Edmund is lightly wounded.
Edmund zaps a wand.
The puff of flame misses you.
You hit Edmund.
Edmund looks as sick as possible!
Edmund is moderately wounded.
Edmund hits you with a +3 flail of draining.
* * * LOW HITPOINT WARNING * * *
You feel drained.
* * * LOW HITPOINT WARNING * * *
You hit Edmund but do no damage.
Edmund looks as sick as possible!
Edmund is moderately wounded.
Edmund hits you with a +3 flail of draining!
You die...

...........................#
...........................#
...........................#
...........................#
#######'####################
#....................
#....................
#....................
#............s.......
#....########.@..##.. ######
#....# .....# .....#
#....... #........ #........


You could see Edmund (extremely poisoned).

Vanquished Creatures
  Sigmund (D:3)
  An ogre (D:4)
  A phantom (D:3)
  4 adders
  4 dart slugs
  6 ball pythons
  3 bats
  10 endoplasms
  2 giant cockroaches
  5 goblins
  10 hobgoblins
  3 jackals (D:2)
  4 quokkas
  2 frilled lizards
  4 kobolds
  8 rats
68 creatures vanquished.

Vanquished Creatures (others)
  14 plants (D:3)
14 creatures vanquished.

Grand Total: 82 creatures vanquished

Notes
Turn   | Place    | Note
-------+----------+-------------------------------------------
     0 | D:1      | Zeld the Demonspawn Transmuter began the quest for the Orb.
     0 | D:1      | Reached XP level 1. HP: 15/15 MP: 3/3
   382 | D:1      | Found a faded altar of an unknown god.
   435 | D:1      | Gained mutation: You are partially covered in sharp spines.
                  | [demonic ancestry]
   435 | D:1      | Reached XP level 2. HP: 21/21 MP: 3/5
   941 | D:1      | Learned a level 2 spell: Wereblood
  1130 | D:1      | Gained mutation: You are mostly covered in sharp spines.
                  | [demonic ancestry]
  1130 | D:1      | Reached XP level 3. HP: 23/26 MP: 4/6
  1134 | D:1      | Learned a level 3 spell: Spider Form
  1765 | D:2      | Reached skill level 1 in Stealth
  2126 | D:2      | Mutation became permanent: You have a pair of small horns
                  | on your head. [demonic ancestry]
  2126 | D:2      | Gained mutation: You have a pair of horns on your head.
                  | [demonic ancestry]
  2126 | D:2      | Reached XP level 4. HP: 29/32 MP: 6/8
  2639 | D:2      | Found Kocehax's Magic Scroll Shop.
  2655 | D:2      | Bought a scroll of identify for 26 gold pieces
  2655 | D:2      | Bought a scroll of identify for 26 gold pieces
  2655 | D:2      | Bought a scroll of identify for 26 gold pieces
  2842 | D:3      | Noticed Sigmund
  2855 | D:3      | Noticed a phantom
  2863 | D:3      | Killed Sigmund
  2864 | D:3      | Reached XP level 5. HP: 31/38 MP: 6/10
  3289 | D:2      | Learned a level 4 spell: Ice Form
  3315 | D:3      | Killed a phantom
  3316 | D:3      | Gained mutation: You are completely covered in sharp
                  | spines. [demonic ancestry]
  3316 | D:3      | Reached XP level 6. HP: 26/45 MP: 7/11
  4333 | D:4      | Noticed Edmund
  4342 | D:4      | Slain by Edmund

Illustrated notes

Levels and vault maps discovered:
D:1:      dpeg_arrival_shrine, layout_basic,
          hellmonk_ecumenical_altar_pennies_from_heaven, kennysheep_doodads
D:2:      layout_rooms, serial_shops, nicolae_shop_hallway_stairs, hex_large,
          hangedman_feature_mirror
D:3:      layout_basic, serial_bayou_lake_a, uniq_sigmund
D:4:      layout_gridville, kennysheep_diamond, uniq_edmund

Skill      XL: |  1  2  3  4  5 |
---------------+----------------+-----
Transmutations | 2 3 |  3.8
Dodging        | 2 |  2.8
Stealth        | 1 2 |  2.2
Fighting       | 2 |  2.5
Spellcasting   | 3 |  3.9
Unarmed Combat | |  2.6

Action                   |  1- 3 |  4- 6 || total
-------------------------+-------+-------++-------
Melee: Unarmed           |    74 |    81 ||   155
       Headbutt          |     8 |     3 ||    11
       Kick              |    12 |    11 ||    23
       Punch             |     2 |     2 ||     4
 Cast: Beastly Appendage |    26 |    20 ||    46
       Spider Form       |       |     4 ||     4
       Ice Form          |       |     1 ||     1
 Stab: Sleeping          |     1 |     5 ||     6
Armor: Robe              |     9 |     2 ||    11
       Skin              |       |     5 ||     5
Dodge: Dodged            |    35 |    32 ||    67
